 Dungeon Crawl Stone Soup version 0.21.0 (webtiles) character file.

76 Jynx the Changer (level 4, 0/35 HPs)
             Began as a Draconian Transmuter on Jan 6, 2018.
             Slain by a gnoll
             ... wielding a +0 halberd
              (8 damage)
             ... on level 3 of the Dungeon.
             The game lasted 00:02:54 (1947 turns).

Jynx the Changer (Draconian Transmuter)             Turns: 1947, Time: 00:02:55

Health: 0/35       AC:  5    Str: 12    XL:     4   Next: 12%
Magic:  4/8        EV: 12    Int: 13    God:
Gold:   114        SH:  0    Dex: 13    Spells: 2/8 levels left

rFire    . . .     SeeInvis .     - Unarmed
rCold    . . .     Gourm    .   (no shield)
rNeg     . . .     Faith    .   (armour unavailable)
rPois    .         Spirit   .   (helmet restricted)
rElec    .         Reflect  .   (no cloak)
rCorr    .         Harm     .   (no gloves)
MR       .....                  (no boots)
Stlth    +.........             (no amulet)
HPRegen  0.11/turn              (no ring)
MPRegen  0.11/turn              (no ring)

@: no status effects
A: unfitting armour, cold-blooded, AC +5
a: no special abilities


You were on level 3 of the Dungeon.
You were very hungry.

You visited 1 branch of the dungeon, and saw 3 of its levels.

You collected 114 gold pieces.

Inventory:

Missiles
 a - 36 arrows
Jewellery
 i - an uncursed ring of flight {unknown}
 j - an uncursed ring of stealth {unknown}
Scrolls
 d - a scroll of identify {unknown}
 g - 5 scrolls of remove curse {unknown}
Potions
 e - a potion of berserk rage {unknown}
 h - a potion of magic {unknown}
Books
 b - a book of Changes

   Spells                             Type                      Level
   a - Beastly Appendage              Transmutation                1
   b - Sticks to Snakes               Transmutation                2
   c - Spider Form                    Transmutation/Poison         3
   d - Ice Form                       Ice/Transmutation            4
   e - Blade Hands                    Transmutation                5
Comestibles
 c - 5 rations


   Skills:
 - Level 1.1 Fighting
 - Level 1.7 Dodging
 - Level 3.0 Unarmed Combat
 + Level 2.8 Spellcasting
 * Level 3.8 Transmutations


You had 2 spell levels left.
You knew the following spells:

 Your Spells              Type           Power        Failure   Level  Hunger
a - Beastly Appendage     Tmut           ##....       4%          1    #......
b - Sticks to Snakes      Tmut           ##......     8%          2    ###....
c - Spider Form           Tmut/Pois      #.........   32%         3    ###....


Dungeon Overview and Level Annotations

Branches:
Dungeon (3/15)

Altars:
The Shining One


Innate Abilities, Weirdness & Mutations

Your plain brown scales are hard. (AC +5)
You cannot fit into any form of body armour.
You are cold-blooded and may be slowed by cold attacks.


Message History

The gnoll is moderately wounded.
Your adder barely misses the gnoll.
Your ball python bites the gnoll.
Your ball python grabs the gnoll.
Your ball python constricts the gnoll.
The gnoll hits you with a halberd. The gnoll closely misses you.
Your adder bites the gnoll.
A gnoll comes into view. It is wielding a halberd.
You hit the gnoll.
You kill the gnoll!
The gnoll hits you from afar with a spear.
You swap places.
The gnoll hits you from afar with a halberd.
* * * LOW HITPOINT WARNING * * *
The gnoll hits you but does no damage.
Things that are here:
a halberd; a gnoll corpse You barely miss the gnoll.
Your adder closely misses the gnoll.
Your ball python bites the gnoll.
Your ball python grabs the gnoll.
Your ball python constricts the gnoll.
The gnoll hits you from afar with a halberd!
You die...

#......# #.####.#
#)####.#
#.##...####
#.##.#....#
#.##...#<.##
#.####.#...####.#
#.# #.S#.......#
#.# ##.#@S.##..#
#.# #..gS...# #.#
#g#.#....# #.#
#.#.###...# #.#
#.#.# #(..
#.#####.#.#####..
#................
#...###.#.#####.
#...# #.#.#


You could see 2 gnolls, a friendly adder and a friendly ball python.

Vanquished Creatures
  2 adders (D:2)
  A gnoll (D:3)
  A leopard gecko (D:1)
  A ball python (D:1)
  2 giant cockroaches
  4 hobgoblins
  3 bats (D:2)
  A frilled lizard (D:2)
  9 goblins
  3 kobolds
  4 rats
31 creatures vanquished.

Vanquished Creatures (collateral kills)
  Robin (D:2)
  An adder (D:2)
  A goblin (D:2)
3 creatures vanquished.

Grand Total: 34 creatures vanquished

Notes
Turn   | Place    | Note
-------+----------+-------------------------------------------
     0 | D:1      | Jynx the Draconian Transmuter began the quest for the Orb.
     0 | D:1      | Reached XP level 1. HP: 16/16 MP: 3/3
     3 | D:1      | Noticed an electric eel
     3 | D:1      | Noticed an electric eel
   164 | D:1      | Reached XP level 2. HP: 20/23 MP: 3/5
   190 | D:1      | Learned a level 2 spell: Sticks to Snakes
   911 | D:2      | Reached XP level 3. HP: 22/28 MP: 2/6
  1038 | D:2      | Noticed Robin
  1076 | D:2      | Killed Robin
  1489 | D:2      | Found a glowing golden altar of the Shining One.
  1561 | D:2      | Reached XP level 4. HP: 33/35 MP: 6/8
  1635 | D:2      | Learned a level 3 spell: Spider Form
  1947 | D:3      | Slain by a gnoll

Skill      XL: |  1  2 |
---------------+-------+-----
Transmutations | 3 |  3.8
Fighting       | |  1.1
Dodging        | |  1.7
Unarmed Combat | |  3.0
Spellcasting   | |  2.8

Action                   |  1- 3 |  4- 6 || total
-------------------------+-------+-------++-------
Melee: Unarmed           |   105 |    12 ||   117
       Kick              |     8 |       ||     8
       Headbutt          |     2 |       ||     2
       Tailslap          |     5 |     2 ||     7
       Punch             |     1 |       ||     1
 Cast: Beastly Appendage |    17 |     1 ||    18
       Sticks to Snakes  |     5 |     2 ||     7
  Use: Scroll            |     1 |       ||     1
 Stab: Distracted        |     1 |       ||     1
  Eat: Chunk             |     3 |       ||     3
Armor: Skin              |    34 |     3 ||    37
Dodge: Dodged            |    82 |     7 ||    89
